 Dungeon Crawl Stone Soup version 0.26-a0-682-g294304f6e8 (webtiles) character file.

Game seed: 9687078670919490261

228 grandjackal the Ducker (level 5, 33/42 HPs)
             Began as a Demonspawn Gladiator on Oct 21, 2020.
             Was an Initiate of Trog.
             Quit the game on level 3 of the Dungeon.
             The game lasted 00:02:02 (2477 turns).

grandjackal the Ducker (Demonspawn Gladiator)       Turns: 2477, Time: 00:02:02

Health: 33/42      AC: 11    Str: 21    XL:     5   Next: 70%
Magic:  14/14      EV: 14    Int: 10    God:    Trog [......]
Gold:   98         SH:  0    Dex: 14    Spells: 4/4 levels left

rFire    + . .     SeeInvis .   a - +0 long sword
rCold    . . .     Faith    .   (no shield)
rNeg     . . .     Spirit   .   u - +2 leather armour {rF+}
rPois    .         Reflect  .   c - +0 helmet
rElec    .         Harm     .   (no cloak)
rCorr    .         Rampage  .   (no gloves)
MR       .....                  j - +0 pair of boots
Stlth    +.........             (no amulet)
HPRegen  0.14/turn              f - +6 ring of strength
MPRegen  0.14/turn              n - ring of magical power

@: no status effects
A: claws 1, iridescent scales 2
a: Renounce Religion


You were on level 3 of the Dungeon.
You worshipped Trog.
Trog was noncommittal.
You visited 1 branch of the dungeon, and saw 3 of its levels.

You collected 98 gold pieces.

Inventory:

Hand Weapons
 a - a +0 long sword (weapon)
Missiles
 d - 4 throwing nets (quivered)
 k - 23 poisoned darts
Armour
 c - a +0 helmet (worn)
 g - a +0 leather armour of cold resistance
 j - a +0 pair of boots (worn)
 u - a +2 leather armour of fire resistance (worn)
Jewellery
 f - a +6 ring of strength (left claw)
 n - a ring of magical power (right claw)
Scrolls
 b - 5 scrolls of identify {unknown}
 e - 2 scrolls of enchant armour {unknown}
 i - 4 scrolls of remove curse {unknown}
 l - a scroll of amnesia {unknown}
 m - a scroll of immolation {unknown}
 o - 2 scrolls of teleportation {unknown}
 p - 3 scrolls of fear {unknown}
 r - a scroll of magic mapping {unknown}
Potions
 h - 2 potions of mutation {unknown}
 q - a potion of flight {unknown}
 s - a potion of stabbing {unknown}
 t - 2 potions of curing {unknown}


   Skills:
 + Level 3.8 Fighting
 + Level 4.0 Long Blades
 - Level 1.7 Throwing
 + Level 4.0 Dodging


You had 4 spell levels left.
You didn't know any spells.
Your spell library was empty.

Dungeon Overview and Level Annotations

Branches:
Dungeon (3/15)

Altars:
Elyvilon
Nemelex Xobeh
Trog


Innate Abilities, Weirdness & Mutations

You have sharp fingernails.
You are mostly covered in iridescent scales. (AC +4)


Message History

You hit Sigmund.
Sigmund is lightly wounded.
You slash Sigmund!
Sigmund is heavily wounded.
Sigmund hits you with a +1 scythe of flaming!
Sigmund burns you.
You slash Sigmund!
Sigmund is almost dead.
Sigmund barely misses you.
You riposte.
You hit Sigmund.
You kill Sigmund!
Trog accepts your kill.
Trog appreciates your killing of a magic user.
Your Long Blades skill increases to level 4!
Your Dodging skill increases to level 4!
You have reached level 5!
Your demonic ancestry asserts itself...
Your fingernails lengthen.
Things that are here:
a +1 scythe of flaming; a +0 robe; the human corpse of Sigmund Are you sure you want to abandon this character and quit the game? (Confirm with "yes".)

#.# ##+## #.# #.# ##...## #.#
#.#### ##.....########.#
#.##.## ##.......##......#
##.#...####..........# #...##
..........+.........# #...##
##.#...####.....†...#####....#
##.##.## ##........##....##.#
.......# ##.<.@.##.{...###.#
##.###.# ##.†<###.._.## #.#
#.# #.# ##'## ##...# #.# #..
#.# #.# ##### #.# ##. #.# #.#
#.# ###.##.# ##.## #.#
.......#######.<.## #.#
###.........#.....##
#..######.##.....####


There were no monsters in sight!

Vanquished Creatures
  Sigmund (D:3)
  An adder (D:2)
  An ooze (D:3)
  2 worms (D:3)
  2 dart slugs (D:1)
  3 leopard geckos
  5 bats
  3 giant cockroaches (D:1)
  10 goblins
  5 hobgoblins
  2 jackals (D:2)
  3 ball pythons (D:2)
  4 frilled lizards
  5 kobolds
  4 rats (D:1)
51 creatures vanquished.

Notes
Turn   | Place    | Note
-------+----------+-------------------------------------------
     0 | D:1      | grandjackal the Demonspawn Gladiator began the quest for
                  | the Orb.
     0 | D:1      | Reached XP level 1. HP: 16/16 MP: 1/1
   421 | D:1      | Gained mutation: You are partially covered in iridescent
                  | scales. (AC +2) [demonic ancestry]
   421 | D:1      | Reached XP level 2. HP: 15/22 MP: 2/2
   918 | D:1      | Gained mutation: You are mostly covered in iridescent
                  | scales. (AC +4) [demonic ancestry]
   918 | D:1      | Reached XP level 3. HP: 23/28 MP: 3/3
  1413 | D:2      | Found a sparkling altar of Nemelex Xobeh.
  1735 | D:2      | Found a faded altar of an unknown god.
  1871 | D:3      | Found a white marble altar of Elyvilon.
  2031 | D:3      | Reached XP level 4. HP: 19/35 MP: 4/4
  2326 | D:3      | Found a bloodstained altar of Trog.
  2349 | D:3      | Noticed Sigmund
  2358 | D:3      | Became a worshipper of Trog the Wrathful
  2475 | D:3      | Killed Sigmund
  2475 | D:3      | Gained mutation: You have sharp fingernails. [demonic
                  | ancestry]
  2475 | D:3      | Reached XP level 5. HP: 33/42 MP: 5/5
  2477 | D:3      | Quit the game

Illustrated notes

Levels and vault maps discovered:
D:1:      shiori_shiawase, layout_loops_ring, minmay_vboxes
D:2:      layout_basic, nemelex_xobeh_ov_fountains_minmay,
          chequers_ecumenical_altar_grove
D:3:      layout_loops_corners, bloody_trog, elyvilon_altar_1, uniq_ijyb,
          uniq_sigmund, uniq_crazy_yiuf_cottage, uniq_natasha

Skill      XL: |  1  2  3  4 |
---------------+-------------+-----
Dodging        | 3 4 |  4.0
Long Blades    | 3 4 |  4.0
Fighting       | 3 |  3.8
Throwing       | |  1.7

Action                   |  1- 3 |  4- 6 || total
-------------------------+-------+-------++-------
Melee: Long sword        |   112 |    15 ||   127
Armor: Leather armour    |    28 |    12 ||    40
       Ring mail         |    25 |       ||    25
Dodge: Dodged            |    91 |    10 ||   101
       Rpst.: Long sword |    34 |     4 ||    38

Table legend: (Time is in decaauts)
 A = Elapsed time spent in this place.
 B = Non-inter-level travel time spent in this place.
 C = Inter-level travel time spent in this place.
 D = Time resting spent in this place.
 E = Time spent auto-exploring this place.
 F = Levels seen in this place.
 G = Mean time per level.
                   A        B        C        D        E       F      G
               +--------+--------+--------+--------+--------+-----+--------+
         Total |   2507 |   2477 |     30 |    419 |   1672 |   3 |  835.7 |
       Dungeon |   2507 |   2477 |     30 |    419 |   1672 |   3 |  835.7 |
               +--------+--------+--------+--------+--------+-----+--------+

Top non-repeatable levels by time:
     D:1: 1109 daAuts
     D:2: 774 daAuts
     D:3: 624 daAuts
